[Event "Fagernes Chess GM-Swiss 2025"]
[Site "Fagernes"]
[Date "2025.04.14"]
[Round "2.25"]
[White "Berget, Eirik"]
[Black "Pang, Ethan"]
[Result "1/2-1/2"]
[Annotator "RC"]
[ECO "B33"]
[WhiteElo "2041"]
[BlackElo "2257"]
[PlyCount "44"]
[EventDate "2025.04.12"]
[EventCountry "NOR"]
[SourceTitle "playchess.com"]
[Source "ChessBase"]
[SourceQuality "1"]
[TimeControl "40/6000+30:2400+30"]

1. e4 c5 2. Nf3 Nc6 3. d4 cxd4 4. Nxd4 Nf6 5. Nc3 e5 6. Nf3 Bb4 7. Bc4 O-O 8. Bg5 h6 9. Bh4 Bxc3+ 10. bxc3 d6 11. h3 Qa5 12. Bxf6 Qxc3+ 13. Nd2 gxf6 14. Rb1 Nd4 15. Bb3 f5 16. O-O f4 17. Qh5 Kg7 18. Nc4 f3 19. Nxd6 Ne2+ 20. Kh2 Nf4 21. Ne8+ Kh7 22. Nf6+ Kg7 1/2-1/2

[Event "Fagernes Chess GM-Swiss 2025"]
[Site "Fagernes"]
[Date "2025.04.14"]
[Round "2.26"]
[White "Oksendal, Martin"]
[Black "Holand, Per Fredrik"]
[Result "0-1"]
[Annotator "RC"]
[ECO "C84"]
[WhiteElo "2250"]
[BlackElo "2070"]
[PlyCount "126"]
[EventDate "2025.04.12"]
[EventCountry "NOR"]
[SourceTitle "playchess.com"]
[Source "ChessBase"]
[SourceQuality "1"]
[TimeControl "40/6000+30:2400+30"]

1. e4 e5 2. Nf3 Nc6 3. Bb5 a6 4. Ba4 Nf6 5. O-O Nxe4 6. d4 Be7 7. Re1 b5 8. Rxe4 d5 9. Nxe5 Nxe5 10. Rxe5 bxa4 11. b3 O-O 12. Rxe7 Qxe7 13. Ba3 Qg5 14. Bxf8 Bh3 15. Qf1 Rxf8 16. Nc3 a3 17. Re1 Be6 18. f4 Qf6 19. Re5 c6 20. g3 Bc8 21. Na4 h5 22. Nc5 h4 23. Qf2 h3 24. Qe3 Qd8 25. Qd3 f6 26. Re3 Re8 27. Kf2 Rxe3 28. Qxe3 a5 29. c3 Bg4 30. Nb7 Qd7 31. Nc5 Qf5 32. Qd3 g5 33. Ke3 gxf4+ 34. gxf4 Qh5 35. Kd2 Qh4 36. Qe3 Kf7 37. b4 axb4 38. cxb4 Bf5 39. Nb7 Be4 40. Nd8+ Ke8 41. Nxc6 Qg4 42. Ke1 Qg2 43. Qf2 Kd7 44. Na7 Qh1+ 45. Qf1 Qxf1+ 46. Kxf1 Bd3+ 47. Ke1 Kc7 48. Kd2 Bc4 49. b5 Bxa2 50. Kc3 Bc4 51. Nc6 Kb6 52. Ne7 Kxb5 53. Ng8 a2 54. Kb2 Bb3 55. Nxf6 Kc4 56. Ng4 Kxd4 57. f5 Ke4 58. Nf2+ Ke3 59. Ng4+ Ke2 60. Ne5 d4 61. Nc6 Ke3 62. Nb4 d3 63. f6 a1=Q+ 0-1

[Event "Fagernes Chess GM-Swiss 2025"]
[Site "Fagernes"]
[Date "2025.04.14"]
[Round "2.27"]
[White "Kittilsen, Sigurd"]
[Black "Aamodt, Peder Marcus"]
[Result "1-0"]
[Annotator "RC"]
[ECO "B28"]
[WhiteElo "2010"]
[BlackElo "2242"]
[PlyCount "85"]
[EventDate "2025.04.12"]
[EventCountry "NOR"]
[SourceTitle "playchess.com"]
[Source "ChessBase"]
[SourceQuality "1"]
[TimeControl "40/6000+30:2400+30"]

1. e4 c5 2. Nf3 a6 3. c4 Nc6 4. d4 cxd4 5. Nxd4 e5 6. Nxc6 bxc6 7. Nc3 Nf6 8. Be2 Bb4 9. O-O O-O 10. Qd3 d6 11. Rd1 Be6 12. Be3 Nd7 13. a3 Bxc3 14. Qxc3 Qb8 15. b4 f5 16. exf5 Bxf5 17. Bf3 e4 18. Be2 Be6 19. Bd4 Nf6 20. Qg3 d5 21. cxd5 Qxg3 22. hxg3 Nxd5 23. Rac1 Bd7 24. Bc4 h6 25. a4 Rab8 26. Bc5 Rfd8 27. Bxa6 Nxb4 28. Bc4+ Nd5 29. a5 Bg4 30. Rd4 Bf5 31. Rcd1 Kh7 32. Bxd5 Rxd5 33. Rxd5 cxd5 34. a6 Rb5 35. a7 Ra5 36. Bb6 Ra6 37. Rxd5 Bc8 38. Rd8 Bb7 39. Bd4 Bc6 40. Rc8 Bd5 41. Rd8 Bc6 42. Rd6 e3 43. fxe3 1-0

[Event "Fagernes Chess GM-Swiss 2025"]
[Site "Fagernes"]
[Date "2025.04.14"]
[Round "2.28"]
[White "Andersen, Morten"]
[Black "Simonsen, David Mindestrommen"]
[Result "1/2-1/2"]
[Annotator "RC"]
[ECO "E14"]
[WhiteElo "2200"]
[BlackElo "2034"]
[PlyCount "28"]
[EventDate "2025.04.12"]
[EventCountry "NOR"]
[SourceTitle "playchess.com"]
[Source "ChessBase"]
[SourceQuality "1"]
[TimeControl "40/6000+30:2400+30"]

1. Nf3 d5 2. e3 Nf6 3. c4 e6 4. b3 Be7 5. Bb2 O-O 6. Nc3 b6 7. d4 Bb7 8. Be2 Nbd7 9. O-O h6 10. Rc1 c5 11. cxd5 Nxd5 12. Nxd5 Bxd5 13. Nd2 cxd4 14. Bxd4 Bf6 1/2-1/2

[Event "Fagernes Chess GM-Swiss 2025"]
[Site "Fagernes"]
[Date "2025.04.14"]
[Round "2.29"]
[White "Hausken, Andreas Skrede"]
[Black "Westrum, Kim Roger Hansen"]
[Result "0-1"]
[Annotator "RC"]
[ECO "C01"]
[WhiteElo "2002"]
[BlackElo "2193"]
[PlyCount "86"]
[EventDate "2025.04.12"]
[EventCountry "NOR"]
[SourceTitle "playchess.com"]
[Source "ChessBase"]
[SourceQuality "1"]
[TimeControl "40/6000+30:2400+30"]

1. e4 e6 2. d4 d5 3. Nd2 Be7 4. exd5 exd5 5. Bd3 Nf6 6. Ne2 O-O 7. O-O b6 8. Nf3 c5 9. c3 Nc6 10. h3 Bd6 11. Bf4 c4 12. Bc2 Bxf4 13. Nxf4 Qd6 14. Ne2 b5 15. Ng3 Re8 16. Re1 Bd7 17. Qd2 Rxe1+ 18. Rxe1 Re8 19. Rxe8+ Nxe8 20. Nh5 f6 21. Qe3 g6 22. Ng3 Qe6 23. Qh6 Nd6 24. Nh5 gxh5 25. Qxh7+ Kf8 26. Nh4 Be8 27. Bf5 Qg8 28. Qc7 Nxf5 29. Nxf5 Qf7 30. Qd6+ Ne7 31. Kf1 a5 32. Qc5 Qe6 33. Nxe7 Qxe7 34. Qxd5 Kg7 35. a4 Qd7 36. Qa8 bxa4 37. Qxa5 Qb5 38. Qc7+ Bf7 39. h4 Qxb2 40. Qg3+ Kh7 41. Kg1 a3 42. Qc7 Qb1+ 43. Kh2 Kg7 0-1

[Event "Fagernes Chess GM-Swiss 2025"]
[Site "Fagernes"]
[Date "2025.04.14"]
[Round "2.30"]
[White "Olsen, William Alexander"]
[Black "Stromhaug, Kristoffer Wang"]
[Result "0-1"]
[Annotator "RC"]
[ECO "A11"]
[WhiteElo "2188"]
[BlackElo "2020"]
[PlyCount "80"]
[EventDate "2025.04.12"]
[EventCountry "NOR"]
[SourceTitle "playchess.com"]
[Source "ChessBase"]
[SourceQuality "1"]
[TimeControl "40/6000+30:2400+30"]

1. Nf3 d5 2. e3 Nf6 3. c4 e6 4. b3 c6 5. Bb2 Nbd7 6. Nc3 Bd6 7. Qc2 O-O 8. Be2 e5 9. cxd5 Nxd5 10. Ne4 Bc7 11. Ng3 Re8 12. O-O N7f6 13. d4 exd4 14. Nxd4 Be5 15. Rad1 Qc7 16. Rfe1 Bg4 17. Bxg4 Nxg4 18. Qf5 Bxg3 19. hxg3 Ngxe3 20. fxe3 Nxe3 21. Rxe3 Rxe3 22. Nf3 Qxg3 23. Rd7 Rf8 24. Ba3 g6 25. Qf6 Re2 26. Qg5 Re1+ 27. Nxe1 Qxg5 28. Bxf8 Kxf8 29. Rxb7 Qd2 30. Nf3 Qxa2 31. Kh2 Qa6 32. Rb8+ Kg7 33. Ne5 Qa5 34. Re8 Qd5 35. Nc4 Qh5+ 36. Kg3 Qg5+ 37. Kh3 Qb5 38. Re3 a5 39. Rf3 a4 40. Nd6 Qh5+ 0-1

[Event "Fagernes Chess GM-Swiss 2025"]
[Site "Fagernes"]
[Date "2025.04.14"]
[Round "2.31"]
[White "Skaar, Ben Samuel Groth"]
[Black "Lilliehook, Victor"]
[Result "1/2-1/2"]
[Annotator "RC"]
[ECO "B30"]
[WhiteElo "2167"]
[BlackElo "1993"]
[PlyCount "144"]
[EventDate "2025.04.12"]
[EventCountry "NOR"]
[SourceTitle "playchess.com"]
[Source "ChessBase"]
[SourceQuality "1"]
[TimeControl "40/6000+30:2400+30"]

1. e4 c5 2. Nc3 Nc6 3. Bb5 Nd4 4. Nf3 e6 5. O-O a6 6. Bd3 Nc6 7. b3 g5 8. Bb2 Bg7 9. Na4 Bxb2 10. Nxb2 g4 11. Ne1 h5 12. c3 Qc7 13. Nc2 Nge7 14. Re1 d6 15. Bf1 e5 16. d4 Ng6 17. dxc5 dxc5 18. Nc4 O-O 19. Qd6 Qxd6 20. Nxd6 Rd8 21. Rad1 b5 22. Ne3 Nce7 23. Nxc8 Raxc8 24. h3 gxh3 25. g3 h4 26. Bxh3 Rb8 27. Bf5 hxg3 28. fxg3 Kg7 29. Kg2 f6 30. Rh1 a5 31. a3 Ra8 32. Bd7 Rab8 33. Rd6 Nh8 34. Rhd1 Nf7 35. Re6 Ng6 36. Nf5+ Kg8 37. Rxf6 Nf8 38. Ne7+ Kg7 39. Rdf1 Ng5 40. R6f5 Nfh7 41. Nc6 Rxd7 42. Nxb8 Rd2+ 43. R1f2 Rd3 44. Rxe5 Rxc3 45. Rb2 Nf7 46. Rf5 Nhg5 47. e5 Kg6 48. Rbf2 Nh6 49. R5f4 Rxb3 50. Nc6 Rxa3 51. e6 Re3 52. e7 Ng8 53. Rd2 Nf7 54. Kf2 Re6 55. Re2 Rxe2+ 56. Kxe2 Nd6 57. Rg4+ Kh7 58. Rf4 Kg7 59. Rg4+ Kh7 60. Rg5 Nf6 61. Rxc5 a4 62. Kd3 Kg7 63. Re5 Kf7 64. Nd8+ Ke8 65. Re6 Nfe4 66. Kc2 b4 67. Nb7 b3+ 68. Kc1 Nc4 69. Rxe4 b2+ 70. Kc2 b1=Q+ 71. Kxb1 Nd2+ 72. Ka2 Nxe4 1/2-1/2

[Event "Fagernes Chess GM-Swiss 2025"]
[Site "Fagernes"]
[Date "2025.04.14"]
[Round "2.32"]
[White "Halvorsen, Benjamin"]
[Black "Torfoss, Sivert Schanche"]
[Result "0-1"]
[Annotator "NA RC"]
[ECO "C54"]
[WhiteElo "1966"]
[BlackElo "2141"]
[PlyCount "232"]
[EventDate "2025.04.12"]
[EventCountry "NOR"]
[SourceTitle "playchess.com"]
[Source "ChessBase"]
[SourceQuality "1"]
[TimeControl "40/6000+30:2400+30"]

1. e4 e5 2. Nf3 Nc6 3. Bc4 Bc5 4. c3 Nf6 5. d4 exd4 6. b4 Be7 7. e5 Ng4 8. cxd4 Bxb4+ 9. Bd2 Bxd2+ 10. Nbxd2 d5 11. exd6 O-O 12. dxc7 Qxc7 13. h3 Re8+ 14. Be2 Bf5 15. Nb3 Nf6 16. O-O Rad8 17. Rc1 Qf4 18. Bb5 Be4 19. Nbd2 Bd5 20. Qa4 Ne4 21. Nxe4 Rxe4 22. Bxc6 Bxc6 23. Qxa7 Ree8 24. Rc3 h6 25. Qc5 Rd5 26. Qa3 Rdd8 27. Re3 Rf8 28. Rd1 Ra8 29. Qb2 Rfd8 30. Qd2 Qf6 31. Ne5 Bd5 32. a3 Ra6 33. Qb2 Rad6 34. Qc3 Qh4 35. Rg3 Be6 36. Rgd3 Qe4 37. Re3 Qf5 38. Nf3 Qh5 39. Re5 Qg6 40. Kh2 Bd5 41. Nh4 Qf6 42. Nf5 R6d7 43. Rd2 Be6 44. Qc5 g6 45. Ne3 b6 46. Qxb6 Rxd4 47. Rxe6 Qxe6 48. Qxe6 fxe6 49. Rb2 Rd2 50. Rb7 R8d7 51. Rb8+ Kg7 52. Kg3 Rf7 53. f3 Rd3 54. Nc4 Rc7 55. Ne5 Re3 56. Ng4 Rxa3 57. Rb6 Re7 58. Nf2 Ra2 59. Ne4 Rc2 60. h4 Kf7 61. Ra6 Rd7 62. Kh3 Rcc7 63. Rb6 Re7 64. Ra6 Rc1 65. Kh2 Rc2 66. Kh3 Rec7 67. Kg3 Re2 68. Kh3 Ke7 69. Rb6 h5 70. Ra6 Rb7 71. g4 Re3 72. Kg3 hxg4 73. Kxg4 Re1 74. Kg5 Rg1+ 75. Kf4 Rc7 76. Rb6 Rf1 77. Ra6 Rb7 78. Rc6 Ra7 79. Nc5 e5+ 80. Kxe5 Rxf3 81. Rxg6 Ra5 82. Rg7+ Rf7 83. Rxf7+ Kxf7 84. Kd4 Kg6 85. Ne4 Kh5 86. Nf6+ Kxh4 87. Ne4 Kg4 88. Nc3 Kf5 89. Kc4 Ke5 90. Nb5 Ra4+ 91. Kb3 Rh4 92. Nc3 Kd4 93. Nb5+ Kc5 94. Nc3 Rh3 95. Kc2 Kc4 96. Ne4 Rh2+ 97. Nd2+ Kd4 98. Kd1 Kd3 99. Nf1 Re2 100. Ng3 Re8 101. Nf1 Rg8 102. Ke1 Rg2 103. Kd1 Ra2 104. Ke1 Rb2 105. Ng3 Rg2 106. Nf1 Re2+ 107. Kd1 Re7 108. Ng3 Re8 109. Nf1 Re6 110. Ng3 Ke3 111. Nf1+ Kd3 112. Ng3 Ra6 113. Ke1 Ra2 114. Nf1 Re2+ 115. Kd1 Rf2 116. Ng3 Rf3 0-1

[Event "Fagernes Chess GM-Swiss 2025"]
[Site "Fagernes"]
[Date "2025.04.14"]
[Round "2.33"]
[White "Khoo-Thwe, Louis"]
[Black "Ashwath Kaushik"]
[Result "1-0"]
[Annotator "NA RC"]
[ECO "B22"]
[WhiteElo "2118"]
[BlackElo "1958"]
[PlyCount "107"]
[EventDate "2025.04.12"]
[EventCountry "NOR"]
[SourceTitle "playchess.com"]
[Source "ChessBase"]
[SourceQuality "1"]
[TimeControl "40/6000+30:2400+30"]

1. e4 c5 2. Nf3 e6 3. c3 Nf6 4. e5 Nd5 5. Bc4 Nb6 6. Bb3 c4 7. Bc2 Nc6 8. d4 cxd3 9. Qxd3 Qc7 10. Qe2 d6 11. exd6 Bxd6 12. Nbd2 Bd7 13. Ne4 Be7 14. Bg5 f6 15. Bh4 e5 16. Bg3 O-O-O 17. O-O-O Be6 18. Kb1 Bc4 19. Qe1 Rxd1+ 20. Qxd1 Rd8 21. Qc1 f5 22. Ned2 Bd3 23. Bxd3 Rxd3 24. Qc2 Qd8 25. Nb3 f4 26. Bh4 Bxh4 27. Nxh4 Nc4 28. Nf3 e4 29. Nfd4 Qd5 30. f3 Ne3 31. Qe2 a5 32. Rc1 Kb8 33. fxe4 Qc4 34. Nxc6+ bxc6 35. Nd2 Rxd2 36. Qxd2 Qxe4+ 37. Ka1 Qxg2 38. Qd6+ Kb7 39. Qxf4 Qd2 40. Qf7+ Ka6 41. Rg1 Qxh2 42. Qxg7 h5 43. Qg8 Qd6 44. a3 h4 45. Rg6 Qc5 46. Rg7 Nd5 47. Qb8 Nb6 48. Ra7+ Kb5 49. Rxa5+ Kxa5 50. b4+ Ka4 51. bxc5 Nd5 52. Kb2 h3 53. Qa7+ Kb5 54. Kb3 1-0

[Event "Fagernes Chess GM-Swiss 2025"]
[Site "Fagernes"]
[Date "2025.04.14"]
[Round "2.34"]
[White "Strand, Amund Pihl"]
[Black "Verbin, Valentina"]
[Result "0-1"]
[Annotator "NA RC"]
[ECO "A17"]
[WhiteElo "1914"]
[BlackElo "2113"]
[PlyCount "56"]
[EventDate "2025.04.12"]
[EventCountry "NOR"]
[SourceTitle "playchess.com"]
[Source "ChessBase"]
[SourceQuality "1"]
[TimeControl "40/6000+30:2400+30"]

1. c4 e6 2. Nc3 Nf6 3. Nf3 d5 4. e3 Bd6 5. b3 O-O 6. Bb2 Re8 7. d4 b6 8. Bd3 Bb7 9. O-O Nbd7 10. Qc2 c5 11. cxd5 exd5 12. Rac1 Rc8 13. Qb1 a6 14. Ne2 Qe7 15. Ng3 g6 16. Rfd1 Rc7 17. Ba1 Rec8 18. dxc5 bxc5 19. Bf1 Ng4 20. Rd2 h5 21. Qb2 Nde5 22. Nxe5 Bxe5 23. Qb1 h4 24. h3 hxg3 25. hxg4 Qh4 26. Bd3 Bxa1 27. Qxa1 Qh2+ 28. Kf1 c4 0-1

[Event "Fagernes Chess GM-Swiss 2025"]
[Site "Fagernes"]
[Date "2025.04.15"]
[Round "3.1"]
[White "Willow, Jonah B"]
[Black "Urkedal, Frode Olav Olsen"]
[Result "0-1"]
[Annotator "TA"]
[ECO "C85"]
[WhiteElo "2471"]
[BlackElo "2550"]
[PlyCount "136"]
[EventDate "2025.04.12"]
[EventCountry "NOR"]
[SourceTitle "playchess.com"]
[Source "ChessBase"]
[SourceQuality "1"]
[TimeControl "40/6000+30:2400+30"]

1. e4 e5 2. Nf3 Nc6 3. Bb5 a6 4. Ba4 Nf6 5. O-O Be7 6. Bxc6 dxc6 7. d3 Nd7 8. Be3 {[%emt 0:01:17] C85: Closed Ruy Lopez: Deferred Exchange Variation.} O-O 9. Nc3 Re8 10. a4 {[%emt 0:00:31] The position is equal. is more profitable than 10.Ne2 at the moment.} a5 11. h3 Bd6 12. Ne2 Nf8 13. Nd2 Ng6 14. Ng3 Be6 15. Nf5 Bb4 $146 (15... Qd7 16. g4 Nf4 17. Kh2 g6 18. Rg1 Kh8 19. Nxd6 cxd6 20. Nf3 f6 21. d4 g5 22. dxe5 dxe5 23. Qxd7 Bxd7 {1-0 Alexakis,D (2449)-Laddha,S (2397) Budapest Vezerkepzo GM 07 2023 (7)}) 16. g4 Nf4 17. c3 (17. Qf3 $11) 17... Bf8 $17 (17... Nxh3+ 18. Kh2 $16) 18. Bxf4 exf4 19. Nd4 {[%emt 0:01:50] [#]} h5 20. Kg2 (20. Nxe6 $11 {keeps the balance.} Rxe6 21. Qf3) 20... Bc8 21. f3 Ra6 22. Ne2 hxg4 (22... Qxd3 $6 23. Nxf4 Qd6 24. Nxh5 $14) 23. hxg4 Qxd3 24. Nxf4 Qd6 25. Nh3 Be6 26. Ng5 Qf4 27. Nh3 (27. Nxe6 $5 Rxe6 28. Qe2 $17) 27... Qh6 28. Qe2 (28. Qc2 $1 $11) 28... Rb6 29. Rfb1 Rd8 (29... Bd6 30. Nf1 g6) 30. Nf1 Bb3 {[%emt 0:00:08] Inhibits Rd1. Black has more active pieces.} 31. g5 Qd6 32. Nf2 (32. Re1 $17 {is a better defense.}) 32... Be7 (32... Qe5 $1 $19 33. g6 Qg5+ (33... fxg6 $2 34. Ne3 $17) 34. Ng4 Qxg6 (34... fxg6 $2 35. Nfe3 $19)) 33. Qe3 Qg6 34. f4 Bc2 35. Re1 Rxb2 36. Ng3 Bb3 ({Black should try} 36... Qe6 $1 $17 {[%cal Re6c4] Hoping for ...Qc4.} 37. Re2 Qc4) 37. Nf5 $11 Bf8 {[%emt 0:00:07] A strong pair of Bishops.} 38. Nd4 Bc4 39. Qc1 $1 Rb6 (39... Rxf2+ $1 $11 40. Kxf2 Qh7) 40. f5 $18 Qd6 41. Rh1 $1 c5 {[%emt 0:19:29] [#]} 42. Qe3 {[%emt 0:00:00][%cal Oe3h3] Hoping for Qh3!.} g6 {[%emt 0:00:05] [#]} (42... cxd4 $2 43. Qh3 $18) 43. f6 $2 Rb2 $1 $11 (43... cxd4 44. Qh3) 44. Rh4 cxd4 45. Qh3 {[%emt 0:00:00] [#]} ({White should try} 45. Rah1 $1 $11 Bg7 (45... dxe3 46. Rh8#) (45... Bf1+ 46. Kg1 $14) 46. Qh3 Rxf2+ (46... Be6 47. Rh8+ Bxh8 48. Qxh8#) 47. Kxf2) 45... Bg7 $1 46. Rh1 $1 $40 {[%emt 0:00:00][%cal Oh4h8][%mdl 128] White has some attack.} Bf1+ $2 47. Kxf1 $18 (47. Rxf1 Bxf6 48. gxf6 Qxf6 $16) 47... Rb1+ 48. Kg2 Rxh1 49. Qxh1 (49. Kxh1 $18 {Rh7 would kill now.} Qe6 50. fxg7 Qxh3+ 51. Rxh3 Kxg7 52. Rd3) 49... Qe5 50. fxg7 {[%emt 0:01:09][%csl Og7] White has a strong passed pawn} Qxg5+ $2 (50... Kxg7 $16 51. Rh7+ Kg8) 51. Rg4 Qh5 52. Rh4 (52. Qxh5 $6 gxh5 53. Rg3 dxc3 $16) ({White must play} 52. Qc1 $1 $18 ) 52... Qg5+ $11 53. Rg4 $2 (53. Kf3 $11 Kxg7 54. Ng4 (54. Rh7+ Kf8 $11)) 53... Qh5 $18 54. Qd1 ({But not} 54. Qxh5 gxh5 55. Rg3 dxc3) (54. Qc1 $1 $18 {[%cal Rc1f4] is the precise move to win.}) 54... Qe5 $16 55. cxd4 Rxd4 56. Qc1 Rxa4 57. Rg5 (57. Qh6 $16 Qxg7 58. Qg5) 57... Qf6 {[%emt 0:02:32] [#]} (57... Rc4 $11) 58. e5 (58. Rg3 $1 $16) 58... Qe6 $11 {[%emt 0:01:00] Really sharp!} (58... Qxg7 59. Qxc7 Qh6 60. Qd8+ Qf8 61. Qd7 $18) 59. Qxc7 Qd5+ 60. Kh2 $2 {[%emt 0:00:32][%mdl 8192] [#]} (60. Kg3 $11) 60... Qd2 $1 $19 61. Qc8+ Kxg7 62. Rg2 Rh4+ (62... Qf4+ $142 63. Kh1 Ra1+ (63... Qxe5 64. Rxg6+ Kxg6 65. Qc2+ Qf5 66. Qxa4 $15) 64. Rg1 Qf3+ (64... Qxe5 $2 65. Rxa1 Qxa1+ 66. Kg2 $19) 65. Kh2 Qxf2+ 66. Rg2 Qf4+ 67. Rg3 Ra2+ (67... Qxe5 $2 68. Qc3 $19) 68. Kh3 Qf1+ (68... Qxe5 $2 69. Qc3 $19) 69. Kh4 Rh2+ 70. Kg4 Qe2+ 71. Kg5 Qxe5+ (71... Qe4 {gets mated.} 72. Qg8+ Kxg8 73. Kf6 Kf8 74. Rg5 Qf4+ 75. Rf5 Qxf5#) 72. Kg4 f5+ 73. Kg5 Qxg3#) 63. Nh3 Qf4+ (63... Qd3 $142 64. Rg3 Qe2+ 65. Kh1 Qe4+ (65... Qxe5 66. Qxb7 Rb4 67. Qg2 $17) 66. Kh2 Qxe5) 64. Rg3 Qxe5 65. Qxb7 $2 (65. Qc3 $19 Qxc3 66. Rxc3) 65... Rg4 {[%emt 0:00:20] Black mates.} 66. Qf3 Qxg3+ 67. Qxg3 Rxg3 68. Kxg3 a4 {[%emt 0:00:05] Weighted Error Value: White=0.43/Black=0.27 (precise)   Loses game:     	White=1     	Black=3      Missed win:     	White=2     	---        Mistake:       	White=11    	Black=6      Inaccurate:     	White=5     	Black=3      OK:         	White=15    	Black=18     Best:        	White=7     	Black=10     Strong:       	White=3     	Black=2} 0-1

[Event "Fagernes Chess GM-Swiss 2025"]
[Site "Fagernes"]
[Date "2025.04.15"]
[Round "3.2"]
[White "Jumabayev, Rinat"]
[Black "Urazayev, Arystanbek"]
[Result "1-0"]
[Annotator "TA"]
[ECO "E06"]
[WhiteElo "2549"]
[BlackElo "2467"]
[PlyCount "135"]
[EventDate "2025.04.12"]
[EventCountry "NOR"]
[SourceTitle "playchess.com"]
[Source "ChessBase"]
[SourceQuality "1"]
[TimeControl "40/6000+30:2400+30"]

1. Nf3 Nf6 2. c4 e6 3. g3 d5 4. Bg2 Be7 5. O-O O-O 6. d4 a5 7. Nc3 {[%emt 0:09:53] E06: Closed Catalan: Early deviations.} dxc4 8. e3 b6 $146 ({Predecessor:} 8... Nbd7 9. Qe2 Nb6 10. Rd1 Nfd5 11. Ne5 Bd7 12. Rb1 Qe8 13. Bd2 Nxc3 14. Bxc3 Ba4 {1-0 Pingin,A (2447)-Kurmangaliyeva,L (2324) Tashkent President op 3rd 2024 (5)}) 9. Ne5 Nd5 10. a4 Bb7 11. e4 Nxc3 12. bxc3 Nd7 (12... c5 $11) 13. Nxc4 $14 c6 14. Qb3 b5 15. Ba3 ({Reject} 15. axb5 cxb5 16. Na3 (16. Qxb5 Ba6 $17) 16... b4 $11) 15... bxc4 16. Qxb7 Bxa3 17. Rxa3 Qc8 18. Qb2 c5 19. Qb5 cxd4 20. cxd4 Qc7 21. Rc3 Rfc8 22. Rfc1 Nb6 23. e5 Rab8 24. Qxa5 Qd7 25. Qa6 Qxa4 (25... Qxd4 $2 {is the wrong capture.} 26. a5 $18) 26. Qxa4 Nxa4 27. Rxc4 Rxc4 28. Rxc4 Rb1+ 29. Bf1 Nb6 30. Rc5 g6 {[%emt 0:05:53] [#]} ({Black should try} 30... Rd1) 31. Rb5 $1 $16 Rxb5 32. Bxb5 h5 (32... f6 $16 33. Kf1 (33. exf6 Kf7 $16) 33... Kf7) 33. Kg2 $18 Nd5 34. Kf3 Kg7 35. Bc4 Ne7 36. Ke4 Kh6 37. Bb3 Kg7 38. Kd3 Kf8 39. Kc4 Ng8 40. Bc2 Ke7 41. f4 Nh6 42. h3 Kd7 43. Kc5 Ke7 $2 (43... Kc7 44. d5 exd5 45. Kxd5 Kd7) 44. Kc6 $18 Ng8 $2 (44... Kd8 45. d5 exd5) 45. g4 $18 hxg4 46. hxg4 Nh6 {[%emt 0:01:49] [#]} 47. Bd1 $1 Ng8 48. Bf3 (48. Kc7 $142 Nh6 49. Bf3) 48... Nh6 49. Kc7 Ng8 50. g5 Ke8 51. Bc6+ Ke7 52. Kc8 Kf8 53. Kd7 Ne7 54. Be4 Ng8 55. Bxg6 fxg6 56. Kxe6 Ne7 57. d5 Nf5 58. d6 Ng7+ 59. Kf6 Nh5+ 60. Kxg6 Nxf4+ 61. Kf5 Nh5 62. g6 Ng7+ 63. Kg5 Ke8 64. Kh6 Ne6 65. g7 Kf7 66. d7 Kg8 67. Kg6 Nd8 68. Kf6 1-0

[Event "Fagernes Chess GM-Swiss 2025"]
[Site "Fagernes"]
[Date "2025.04.15"]
[Round "3.3"]
[White "Melaa, Sondre"]
[Black "Raja Rithvik R"]
[Result "0-1"]
[Annotator "TA"]
[ECO "A13"]
[WhiteElo "2344"]
[BlackElo "2538"]
[PlyCount "64"]
[EventDate "2025.04.12"]
[EventCountry "NOR"]
[SourceTitle "playchess.com"]
[Source "ChessBase"]
[SourceQuality "1"]
[TimeControl "40/6000+30:2400+30"]

1. c4 e6 2. g3 d5 3. Bg2 Nf6 4. Nf3 d4 5. O-O c5 6. e3 Nc6 7. exd4 cxd4 8. d3 h6 {[%emt 0:00:40] A13: English Opening: 1...e6.} 9. Bf4 Nd7 {[%emt 0:00:14] is now debated instead of 9...Bd6.} 10. Na3 {[%emt 0:01:11] Nb5 is the strong threat.} Bc5 {[%emt 0:00:17] The position is equal.} 11. Nc2 a5 12. b3 O-O 13. a3 e5 14. Bd2 Re8 15. b4 Be7 16. Re1 $1 {[%emt 0:03:33] Black should prevent b5.} Bf6 17. Rb1 axb4 $146 (17... Rb8 18. bxa5 Nc5 19. Bb4 Na4 20. Bd2 Nc5 21. Nb4 Bf5 22. Bf1 Nxa5 23. Nd5 Nc6 {½-½ Docx,S (2429)-Kenneskog,T (2266) Rilton Cup 52nd 2024 (8)}) 18. axb4 e4 19. Rxe4 Rxe4 20. dxe4 Nde5 $1 21. b5 Nxf3+ 22. Bxf3 ({Of course not} 22. Qxf3 Ne5 23. Qd1 Bg4 $15 (23... Nxc4 24. Bc1 $17)) 22... Ne5 23. Nb4 {[%emt 0:18:04] Inhibits Ra2.} Ra3 24. Rb3 Nxf3+ 25. Qxf3 Ra1+ 26. Kg2 Be6 {[%emt 0:00:02][%cal Od8d7] [#] White must now prevent ...Qd7!.} (26... Qd7 {simplifies} 27. g4 Qxg4+ 28. Qxg4 Bxg4 29. Nd5 Be5) 27. Nd5 Qc8 28. h4 (28. Nxf6+ $15 gxf6 29. g4 Bxc4 (29... Bxg4 $2 {loses.} 30. Qxf6 Qe6 31. Qxd4 $18) (29... Qxc4 30. Rd3 $11) 30. Rb4) 28... Qxc4 $40 {[%emt 0:19:59][%mdl 128] Black has strong attack.} 29. Nxf6+ $2 (29. Qd3 Bxd5 30. exd5 Qxd5+ 31. Qf3) 29... gxf6 $19 {[%emt 0:00:15] Black is winning.} 30. Rd3 {[%emt 0:00:06] White is weak on the light squares} Qxb5 {[%emt 0:01:12] ( -> ...Qb1)} 31. g4 {[%emt 0:02:50] [#]} Bc4 $1 32. Rxd4 Bf1+ {[%emt 0:01:31] Weighted Error Value: White=0.28 (precise) /Black=0.02 (flawless)   Mistake:       	White=2     	---        Inaccurate:     	White=2     	---        OK:         	White=8     	Black=13     Best:        	White=4     	Black=4      Strong:       	White=1     	Black=2} 0-1

[Event "Fagernes Chess GM-Swiss 2025"]
[Site "Fagernes"]
[Date "2025.04.15"]
[Round "3.4"]
[White "Kvaloy, Aksel Bu"]
[Black "Johansson, Linus"]
[Result "1/2-1/2"]
[Annotator "TA"]
[ECO "A30"]
[WhiteElo "2481"]
[BlackElo "2392"]
[PlyCount "110"]
[EventDate "2025.04.12"]
[EventCountry "NOR"]
[SourceTitle "playchess.com"]
[Source "ChessBase"]
[SourceQuality "1"]
[TimeControl "40/6000+30:2400+30"]

1. Nf3 Nf6 2. g3 b6 3. Bg2 Bb7 4. c4 g6 5. b3 Bg7 6. Bb2 c5 7. O-O O-O 8. d4 cxd4 9. Qxd4 Nc6 10. Qc3 Qc7 11. Rd1 a6 12. Na3 {[%emt 0:13:19][%cal Bb1a3,Ba3c2,Bc2e3][%mdl 32] White is slightly better.} d6 13. Rac1 Nd8 14. Qe1 Ne6 15. Nc2 Rac8 (15... Nc5 $5) 16. Ne3 Qb8 17. Ba1 b5 18. Qb4 Ba8 19. Qa5 Qc7 20. Qxc7 Rxc7 21. cxb5 {[%emt 0:00:29] Hoping for Rxc7.} Rxc1 22. Rxc1 axb5 23. Nd4 Nxd4 24. Bxd4 Bxg2 25. Kxg2 Ra8 {[%emt 0:00:16][%cal Of6g4] Inhibits Ba7.} 26. Rc7 Ne8 27. Ra7 (27. Rxe7 $2 {loses.} Bxd4 28. Nc2 Bf6 $19) 27... Rxa7 28. Bxa7 $11 {[%emt 0:00:04][%mdl 4096] [#] Endgame. Black must now prevent Bb6. KBN-KBN} Nc7 29. Bb6 Na6 30. Nd5 Kf8 31. Bd8 e6 32. Nf6 h5 33. a4 b4 34. Ne4 d5 35. Nd6 Be5 36. Nb5 Ke8 37. Bb6 g5 38. e3 g4 39. h4 {[%emt 0:00:54] The position is equal.} Kd7 40. Kf1 Bd6 41. Ke2 e5 42. Nxd6 Kxd6 {[%emt 0:00:06] KB-KN} 43. f3 gxf3+ 44. Kxf3 {[%emt 0:00:04] [#] Strongly threatening g4.} f5 45. Ba5 Kc6 46. Ke2 Kc5 47. Bd8 Kd6 48. Ba5 Kc6 49. Kd1 Nc5 50. Kc2 Na6 51. Kd1 Kc5 52. Bd8 Kd6 53. Ba5 Kc6 54. Kc2 Kc5 55. Bd8 Kd6 {[%emt 0:03:50] Weighted Error Value: White=0.07 (flawless) /Black=0.05 (flawless) .  Inaccurate:     	White=5     	Black=3      OK:         	White=14    	Black=24     Best:        	White=1     	Black=1} 1/2-1/2